[Event "Early-Titled-Tuesday-Blitz-May-14-2024"]
[Site "Chess.com"]
[Date "2024.05.14"]
[Round "6"]
[White "tgpgoat"]
[Black "TitarovVasiliYouTube"]
[Result "0-1"]
[WhiteElo "2455"]
[BlackElo "2631"]
[TimeControl "180+1"]
[EndTime "9:08:44 PDT"]
[Termination "TitarovVasiliYouTube won by resignation"]

1. Na3 d5 2. c4 d4 3. Nc2 c5 4. Nf3 Nc6 5. b4 e5 6. d3 cxb4 7. a3 b3 8. Nb4 Nxb4 9. axb4 Bxb4+ 10. Bd2 Qe7 11. Qxb3 Bxd2+ 12. Nxd2 Nf6 13. g3 O-O 14. Bg2 a6 15. O-O h5 16. Rfb1 h4 17. Ne4 h3 18.
Nxf6+ Qxf6 19. Bd5 Bg4 20. Ra2 Rab8 21. Qb6 Be6 22.
Bxe6 fxe6 23. f3 Kh7 24. Qb2 Qg5 25. Qc1 Qf6 26. Rab2 Rf7 27. Rb6 e4 28. dxe4 d3 29. Qe3 dxe2 30. Kf2 Rbf8 31. f4 Rd8 32. Kxe2 Rfd7 33. R6b2 Rd4 34. Rxb7 Rd2+ 35. Qxd2 Rxd2+ 36. Kxd2 Qd4+ 37. Ke2 Qxe4+ 38. Kd2 Qg2+ 39. Kd3 Qxh2 40. Ke4 Qg2+ 41. Ke5 h2 42. Kxe6 Qxb7 0-1

[Event "Early-Titled-Tuesday-Blitz-May-14-2024"]
[Site "Chess.com"]
[Date "2024.05.14"]
[Round "6"]
[White "slorovel"]
[Black "Viktoker"]
[Result "0-1"]
[WhiteElo "2550"]
[BlackElo "2354"]
[TimeControl "180+1"]
[EndTime "9:08:46 PDT"]
[Termination "Viktoker won by resignation"]

1. e4 e5 2. Nf3 Nc6 3. Bc4 Nf6 4. Qe2 Be7 5. O-O O-O 6. c3 d6 7. d3 Na5 8. Bb5 a6 9. Ba4 b5 10. Bc2 c5 11. Nbd2 h6 12. Re1 Re8 13. Nf1 Bf8 14.
Ng3 g6 15. h3 Bg7 16. a4 Bd7 17. Bd2 Nc6 18. Be3 Qc7 19. Qd2 Kh7 20. b4 cxb4 21.
cxb4 d5 22. Bc5 dxe4 23. dxe4 Qb7 24. axb5 axb5 25. Bb3 Be6 26. Bxe6 Rxe6 27. Rxa8 Qxa8 28.
Qe2 Qa4 29. Rb1 Nd7 30. Qe3 Nxc5 31. bxc5 b4 32. h4 Nd4 33. h5 Rc6 34. hxg6+ fxg6 35. Nxd4 exd4 36. Qc1 d3 37. Nf1 Qc2 38. Ne3 Qxc1+ 39. Rxc1 b3 40. Rb1 b2 41. Kf1 Rxc5 42. Ke1 Rc1+ 0-1

[Event "Early-Titled-Tuesday-Blitz-May-14-2024"]
[Site "Chess.com"]
[Date "2024.05.14"]
[Round "6"]
[White "AradNazari"]
[Black "DominguezOnYoutube"]
[Result "0-1"]
[WhiteElo "2808"]
[BlackElo "3011"]
[TimeControl "180+1"]
[EndTime "9:08:47 PDT"]
[Termination "DominguezOnYoutube won on time"]

1. e4 c5 2. Nf3 d6 3. Bb5+ Nd7 4. d4 cxd4 5. Qxd4 a6 6. Bxd7+ Bxd7 7. O-O Rc8 8. c4 Nf6 9. Nc3 g6 10. e5 dxe5 11.
Nxe5 Bg7 12. Rd1 Be6 13. Qxd8+ Rxd8 14. Rxd8+ Kxd8 15. Be3 Kc8 16. Na4 Rd8 17. Nc5 Ne4 18. Nxe6 fxe6 19. f4 Kc7 20. Re1 Bxe5 21. fxe5 Kc6 22.
a4 a5 23. h4 Rd3 24. Bh6 Ng3 25. Bg5 Nf5 26. g4 Rg3+ 27. Kf2 Rxg4 28. b3 h6 29. Bd2 b6 30. h5 gxh5 31. Kf3 Rg3+ 32. Ke4 Rxb3 33. Rg1 Rb2 34. Kd3 Rb3+ 35. Ke4 Ra3 36.
Rg6 Kd7 37. Rg8 Rxa4 38. Kd3 Ra3+ 39. Bc3 h4 40. Rb8 Kc7 41. Rg8 h3 42. Rg1 Ra2 43. Rh1 h2 44. Bd2 Rxd2+ 45. Kxd2 Ng3 0-1

[Event "Early-Titled-Tuesday-Blitz-May-14-2024"]
[Site "Chess.com"]
[Date "2024.05.14"]
[Round "6"]
[White "js20000"]
[Black "Dedic8"]
[Result "1-0"]
[WhiteElo "2767"]
[BlackElo "2885"]
[TimeControl "180+1"]
[EndTime "9:08:47 PDT"]
[Termination "js20000 won by resignation"]

1. b3 d5 2. Bb2 Bf5 3. Nf3 e6 4. c4 Nf6 5. cxd5 exd5 6. d3 Bd6 7. g3 O-O 8. Bg2 c6 9. O-O Nbd7 10. Nh4 Bg4 11.
h3 Be6 12. f4 Nh5 13. Qe1 Re8 14. Bf3 Ndf6 15. e3 Bxh3 16. Rf2 Ng4 17. Re2 Bc5 18. Nf5 Qd7 19. Nd4 Re7 20. Na3 Rae8 21. Nac2 Ngf6 22. Rh2 Bg4 23. Qd1 Nxg3 24. Rg2 Bxf3 25. Qxf3 Nf5 26.
Nxf5 Qxf5 27. Rg5 Qe6 28. f5 Qd6 29. Qg2 Bxe3+ 30. Nxe3 Rxe3 31. Rxg7+ Kf8 32. Qg5 Re2 33. Rg8+ Ke7 34. Bxf6+ Qxf6 35. Rxe8+ Kxe8 36. Qxf6 1-0

[Event "Early-Titled-Tuesday-Blitz-May-14-2024"]
[Site "Chess.com"]
[Date "2024.05.14"]
[Round "6"]
[White "vasblesk"]
[Black "Flaccidmoves"]
[Result "1-0"]
[WhiteElo "2791"]
[BlackElo "2420"]
[TimeControl "180+1"]
[EndTime "9:08:47 PDT"]
[Termination "vasblesk won by resignation"]

1. Nf3 d5 2. c4 d4 3. b4 f6 4. d3 e5 5. a3 c5 6. b5 Bd6 7. a4 Ne7 8. g3 O-O 9. Bg2 Be6 10. O-O Nd7 11. a5 Rb8 12. Nbd2 Kh8 13.
Nb3 f5 14. e3 Nf6 15. exd4 exd4 16. Re1 Qd7 17. Bf4 Ng6 18. Ne5 Nxe5 19. Bxe5 b6 20. Bc6 Qc7 21. Bxd4 Bg8 22. Bxf6 Rxf6 23. Qf3 f4 24. g4 Rg6 25. Be4 Rh6 26. axb6 axb6 27. Ra8 Rxa8 28. Bxa8 Qd8 29. Bd5 Bxd5 30. Qxd5 f3 31.
g5 Rg6 32. h4 Qc8 33. Qxf3 h6 34. Nd2 hxg5 35. h5 g4 36. Qf7 Rf6 37. Re8+ Kh7 38. Qg6+ Rxg6 39. hxg6+ 1-0

[Event "Early-Titled-Tuesday-Blitz-May-14-2024"]
[Site "Chess.com"]
[Date "2024.05.14"]
[Round "6"]
[White "Chessdude1987"]
[Black "ChadBiryani"]
[Result "0-1"]
[WhiteElo "2382"]
[BlackElo "2545"]
[TimeControl "180+1"]
[EndTime "9:08:47 PDT"]
[Termination "ChadBiryani won on time"]

1. e4 d6 2. d4 Nf6 3. Nc3 e5 4. Nf3 Nbd7 5. Bc4 Be7 6. a4 O-O 7. a5 c6 8. O-O h6 9. h3 Re8 10. Re1 Bf8 11. d5 Nh7 12. a6 b5 13. Bb3 b4 14. dxc6 bxc3 15. cxd7 Bxd7 16. bxc3 Rc8 17. Be3 Qc7 18. Nh4 Red8 19. Bd5 Bb5 20. Nf5 Nf6 21. c4 Be8 22. Ra2 Rd7 23. Qf3 Nxd5 24.
cxd5 Qc4 25. Raa1 Rdc7 26. Qg3 Kh8 27. Qh4 Qxe4 28. Qxe4 g6 29. Nxh6 f5 30. Nxf5 gxf5 31.
Qxf5 Bg7 32. Rac1 Rc4 33. g4 Kg8 34. Qe6+ Bf7 35. Qd7 R4c7 36. Qxd6 Bf8 37. Qxc7 Rxc7 38. c4 Bb4 39. Red1 Ba3 40. Rd3 Bxc1 0-1

[Event "Early-Titled-Tuesday-Blitz-May-14-2024"]
[Site "Chess.com"]
[Date "2024.05.14"]
[Round "6"]
[White "KorolDimitriy75"]
[Black "fandebobbyfischer"]
[Result "0-1"]
[WhiteElo "2416"]
[BlackElo "2705"]
[TimeControl "180+1"]
[EndTime "9:08:48 PDT"]
[Termination "fandebobbyfischer won on time"]

1. d4 Nf6 2. c4 e6 3. Nc3 b6 4. Qc2 Bb7 5. e4 Bb4 6. e5 Ne4 7. Nf3 d5 8. Bd3 Bxc3+ 9. bxc3 O-O 10. O-O c5 11. Ba3 Nd7 12. Nd2 Nxd2 13. Qxd2 dxc4 14.
Bxc4 Nxe5 15. Bb5 Qd5 16. f3 Rfd8 17. Qe2 cxd4 18. cxd4 Qxd4+ 19. Kh1 Ng6 20. Rad1 Qh4 21. Bb2 Bd5 22. Bd3 Nf4 23. Qe5 f6 24. Qe3 Nxd3 25. Rxd3 Bc4 26. Rxd8+ Rxd8 27. Re1 Rd3 28. Qg1 Rd2 29.
Ba1 Bd5 30. Rd1 Rxa2 31. Qe3 Qf2 32. Qxf2 Rxf2 33. h3 Ra2 34. Rc1 Kf7 35. Kg1 Kg6 36. Bd4 b5 37. Rc7 b4 38. Bxa7 b3 39. Bd4 b2 0-1

[Event "Early-Titled-Tuesday-Blitz-May-14-2024"]
[Site "Chess.com"]
[Date "2024.05.14"]
[Round "6"]
[White "jbking07"]
[Black "carloseduar100"]
[Result "1-0"]
[WhiteElo "2383"]
[BlackElo "2210"]
[TimeControl "180+1"]
[EndTime "9:08:49 PDT"]
[Termination "jbking07 won by resignation"]

1. e4 e6 2. d4 d5 3. Nc3 Nf6 4. e5 Nfd7 5. f4 c5 6. Nf3 Nc6 7. Be3 Qb6 8. Na4 Qc7 9. Qd2 Nxd4 10. Nxd4 cxd4 11. Bxd4 a6 12. Bd3 b5 13. Nc3 Bb7 14.
a3 g6 15. O-O Bg7 16. Qe3 O-O 17. Rf3 Rae8 18. Rh3 f6 19. Qg3 fxe5 20. Qh4 exd4 21. Qxh7+ Kf7 22. Qxg6+ Ke7 23. Qxg7+ Kd8 24. Qxd4 Qxf4 25. Qxf4 Rxf4 26. Rf1 Rxf1+ 27. Kxf1 e5 28. Bf5 e4 29. Rh7 Re7 30. Rxe7 Kxe7 31. Bxd7 Kxd7 32. Ke2 d4 33. Nd1 Ke6 34. c3 d3+ 35. Ke3 Ke5 36.
Nf2 Bd5 37. h4 a5 38. b4 axb4 39. axb4 d2 40. g3 Bb3 41. Kxd2 Kd5 42. Ke3 Bc2 43. h5 Ke5 44. g4 Kf6 45. Nxe4+ Kg7 46. Kf4 Kh7 47.
Nd6 Bd3 48. g5 Kg7 49. Ne8+ Kh7 50. Nd6 Kg7 51. Ke5 Kh7 52. Kd4 Be2 53. h6 Kg6 54. Nxb5 Bxb5 55. c4 Bd7 56. b5 Bf5 57. b6 Kxg5 58.
b7 1-0

[Event "Early-Titled-Tuesday-Blitz-May-14-2024"]
[Site "Chess.com"]
[Date "2024.05.14"]
[Round "6"]
[White "ProtectiveCarrot"]
[Black "Escudito"]
[Result "0-1"]
[WhiteElo "2498"]
[BlackElo "2357"]
[TimeControl "180+1"]
[EndTime "9:08:52 PDT"]
[Termination "Escudito won on time"]

1. d4 e6 2. Nf3 d5 3. Bf4 c5 4. e3 Nc6 5. Nbd2 Nf6 6. c3 Bd6 7. Bg3 O-O 8. Bd3 Qc7 9. dxc5 Bxg3 10. hxg3 e5 11. e4 Rd8 12. exd5 Rxd5 13. Qc2 h6 14. b4 Qd8 15. Bc4 Rd7 16. O-O-O Qe7 17. Nh4 Rd8 18. Ng6 Qe8 19. Qb3 Bf5 20. Nh4 Bh7 21. Rhe1 e4 22. f4 Rac8 23. Nf1 b6 24. cxb6 axb6 25. Ne3 Ne7 26. g4 b5 27. Rxd8 Rxd8 28. Bf1 Ned5 29.
Nxd5 Nxd5 30. Nf5 Bxf5 31. gxf5 Nxf4 32. Qc2 Rc8 33. Rxe4 Qc6 34. Rxf4 Qa6 35. f6 Qa3+ 36. Kb1 Qa7 0-1

[Event "Early-Titled-Tuesday-Blitz-May-14-2024"]
[Site "Chess.com"]
[Date "2024.05.14"]
[Round "6"]
[White "AttilaTurzo"]
[Black "ViktoriyaTarasova"]
[Result "0-1"]
[WhiteElo "2461"]
[BlackElo "2331"]
[TimeControl "180+1"]
[EndTime "9:08:52 PDT"]
[Termination "ViktoriyaTarasova won by resignation"]

1. e4 e5 2. Nf3 Nc6 3. Bb5 Nf6 4. d3 Bc5 5. O-O Nd4 6. Nxd4 Bxd4 7. c3 Bb6 8. Nd2 c6 9. Ba4 O-O 10. Nf3 Re8 11.
h3 h6 12. Re1 Bc7 13. d4 d6 14.
Bc2 Be6 15. Be3 Qe7 16. Qe2 b5 17. b3 a5 18. a4 Rab8 19. axb5 Rxb5 20. c4 Rb7 21.
dxe5 dxe5 22. Qd2 Nd7 23. Qc3 f6 24. Red1 Reb8 25. Nh4 Nc5 26. Ng6 Qf7 27. Bxc5 Qxg6 28. Kh1 Qf7 29. Bd6 Ra8 30. Bc5 f5 31. exf5 Bxf5 32.
f3 Bxc2 33. Qxc2 Rab8 34. Ra3 Qe6 35. Kg1 Re8 36. Qe4 Qf6 37. Rd3 Reb8 38. Kh2 Qe6 39. Qg4 e4+ 40. Kh1 Qxg4 41. hxg4 exd3 0-1

[Event "Early-Titled-Tuesday-Blitz-May-14-2024"]
[Site "Chess.com"]
[Date "2024.05.14"]
[Round "6"]
[White "KanalSzachowy"]
[Black "ChessBliss09"]
[Result "0-1"]
[WhiteElo "2394"]
[BlackElo "2245"]
[TimeControl "180+1"]
[EndTime "9:08:52 PDT"]
[Termination "ChessBliss09 won by resignation"]

1. e4 e5 2. Nf3 Nc6 3. Bc4 Bc5 4. c3 Nf6 5. d4 exd4 6. e5 d5 7. Bb5 Ne4 8. cxd4 Bb4+ 9. Nbd2 Bxd2+ 10. Bxd2 Bg4 11.
Bxc6+ bxc6 12. Qa4 Qd7 13. Bb4 Bxf3 14. gxf3 Ng5 15.
Qa3 Ne6 16. O-O-O Rb8 17. Rhg1 c5 18. Bxc5 Rb5 19. Bxa7 Qc6+ 20. Kb1 Qb7 21. Bc5 Nxc5 22. dxc5 O-O 23. Rd4 Rb8 24. b3 Ra8 25. Ra4 Rxa4 26. Qxa4 g6 27. Qd4 Rb4 28. Qc3 d4 29. Qd2 Qb5 30. Rg4 Qxc5 31. Kb2 Rb8 32. Qxd4 Qe7 33. Qc4 Qxe5+ 34. Rd4 Rd8 35. f4 Qxd4+ 36. Qxd4 Rxd4 0-1

[Event "Early-Titled-Tuesday-Blitz-May-14-2024"]
[Site "Chess.com"]
[Date "2024.05.14"]
[Round "6"]
[White "margarita_2703"]
[Black "tarno17"]
[Result "0-1"]
[WhiteElo "2336"]
[BlackElo "2180"]
[TimeControl "180+1"]
[EndTime "9:08:53 PDT"]
[Termination "tarno17 won by checkmate"]

1. e4 c5 2. Nf3 e6 3. b3 d5 4. exd5 Qxd5 5. Nc3 Qd8 6. Bb2 Nf6 7. Bb5+ Bd7 8. Bxd7+ Nbxd7 9. O-O a6 10. d4 Be7 11. d5 exd5 12. Nxd5 Nxd5 13. Qxd5 O-O 14. Qxb7 Bf6 15. Bxf6 Nxf6 16. c4 Qd3 17. Rfd1 Qg6 18. Qc6 Rfc8 19. Qd6 h6 20. Qg3 Qc2 21. Rd2 Qc3 22.
Re1 Re8 23. Rde2 Rxe2 24. Rxe2 Rd8 25. Ne1 Qc1 26. Qe3 Qa1 27. Rd2 Re8 28. Qxe8+ Nxe8 29. Kf1 Nf6 30. f3 Qe5 31. g3 Qf5 32. Kf2 Ne4+ 33.
Ke3 Nxd2 34. Kxd2 Qh5 35. h4 Qe5 36. g4 Qb2+ 37. Nc2 Qxa2 38. Kc3 Qb1 39. b4 cxb4+ 40. Nxb4 Qc1+ 41. Nc2 a5 42. c5 Qf4 43. Nd4 Qc7 44. c6 Qb6 45. Kc4 a4 46. Kd5 a3 47.
Nc2 a2 48. Kd6 Qd8+ 49. Kc5 Qc7 50. Kb5 Qe5+ 51. Ka6 Qc3 52. Kb7 Qxc2 53. c7 Qxc7+ 54. Kxc7 a1=Q 55. Kb7 Qf1 56. Kc7 Qxf3 57. Kb6 Qxg4 58.
Kc7 Qxh4 59. Kb6 Qc4 60. Kb7 f5 61. Kb6 f4 62. Ka7 Qb3 63. Ka6 f3 64. Ka5 f2 65.
Ka6 f1=Q+ 66. Ka5 Qa1# 0-1

[Event "Early-Titled-Tuesday-Blitz-May-14-2024"]
[Site "Chess.com"]
[Date "2024.05.14"]
[Round "6"]
[White "martinez_95"]
[Black "Matols"]
[Result "0-1"]
[WhiteElo "2168"]
[BlackElo "2349"]
[TimeControl "180+1"]
[EndTime "9:08:53 PDT"]
[Termination "Matols won by resignation"]

1. e4 c6 2. d4 d5 3. Nc3 dxe4 4.
Nxe4 Nf6 5. Nxf6+ exf6 6. c3 Bd6 7. h3 O-O 8. Bd3 Re8+ 9. Ne2 h5 10. Be3 Nd7 11. Bc2 Nf8 12. Qd3 Be6 13. O-O-O Bxa2 14. g4 h4 15. c4 b5 16. c5 Bc4 17. Qd2 Bxe2 18. Qxe2 Bf4 19. Qd3 Bxe3+ 20. fxe3 a5 21. e4 a4 22. d5 a3 23. b4 a2 24. Kb2 Qe7 25. d6 Qe5+ 26. Qc3 Ne6 27. Ra1 Nd4 28. Rhd1 Nxc2 29. Qxe5 Rxe5 30. Kxc2 Rxe4 31. d7 Rd8 32. Rxa2 Re2+ 33. Kb1 Rxa2 34. Kxa2 Kf8 35. Rd6 Ke7 36. Rxc6 Rxd7 37. Rb6 Rd2+ 38. Kb1 Rd3 39. Rxb5 Rxh3 40. Rb7+ Ke6 41. c6 Rc3 42. Rb6 h3 43. b5 h2 0-1

[Event "Early-Titled-Tuesday-Blitz-May-14-2024"]
[Site "Chess.com"]
[Date "2024.05.14"]
[Round "6"]
[White "BardArtem"]
[Black "DonkyDonkyDonkey"]
[Result "0-1"]
[WhiteElo "2761"]
[BlackElo "2913"]
[TimeControl "180+1"]
[EndTime "9:08:54 PDT"]
[Termination "DonkyDonkyDonkey won by resignation"]

1. b3 e5 2. Bb2 Nc6 3. c4 Nf6 4. Nf3 e4 5. Nd4 Bc5 6. Nf5 O-O 7. e3 d5 8. cxd5 Bxf5 9. dxc6 bxc6 10. Na3 Nd5 11. Nc4 Nb4 12. Be2 Nd3+ 13. Bxd3 Qxd3 14.
Qe2 Qd5 15. O-O Rad8 16. Rac1 Bd6 17. Nxd6 Rxd6 18. Bd4 Rg6 19. Rc5 Qd7 20. f4 exf3 21. Qxf3 Bg4 22. Qf4 h6 23. Kh1 Be6 24. Rf2 Bd5 25.
Rc1 Rg4 26. Qe5 Re8 27. Qh5 Rg5 28. Qe2 Qh3 29. Qf1 Rh5 30. Qg1 Qg3 31. d3 Rxh2+ 32. Qxh2 Qxf2 33. e4 Qxd4 34. exd5 cxd5 35. Qxc7 Re5 36.
Qc8+ Kh7 37. Qh3 g6 38. g4 Re3 39. Qf1 Re7 40. Re1 Rxe1 41. Qxe1 Qxd3 42. Qe7 Qe4+ 43. Kh2 Qxe7 0-1

[Event "Early-Titled-Tuesday-Blitz-May-14-2024"]
[Site "Chess.com"]
[Date "2024.05.14"]
[Round "6"]
[White "MatyChess1"]
[Black "djano"]
[Result "0-1"]
[WhiteElo "2640"]
[BlackElo "2542"]
[TimeControl "180+1"]
[EndTime "9:08:54 PDT"]
[Termination "djano won on time"]

1. e4 c5 2. Nf3 g6 3. c3 d5 4. exd5 Qxd5 5. d4 Bg7 6. Nbd2 cxd4 7. Bc4 Qd8 8. Nxd4 Nf6 9. O-O O-O 10. Re1 a6 11. N2f3 b5 12. Bb3 Bb7 13. Bg5 Nbd7 14. a4 bxa4 15. Bxa4 Nc5 16. Bc2 a5 17. Qc1 Qb6 18.
Rxe7 Nfe4 19. Be3 Bf6 20. Rxe4 Nxe4 21. Nf5 Qe6 22. N3d4 Qd7 23. Ba4 Qc7 24. Nh6+ Kh8 25. Ng4 Bg7 26. Bh6 Rg8 27. Bc2 Nc5 28. Bxg7+ Rxg7 29. Qh6 Ne6 30. Nxe6 fxe6 31. Re1 Qc6 32. Be4 Qb6 33.
Ne5 Bxe4 34. Rxe4 Qxb2 35. h3 Qxc3 36. Kh2 Qc7 37. f4 a4 38. Rc4 Qa7 39. Rc6 Qe7 0-1

[Event "Early-Titled-Tuesday-Blitz-May-14-2024"]
[Site "Chess.com"]
[Date "2024.05.14"]
[Round "6"]
[White "bennyficial"]
[Black "DarZay"]
[Result "1-0"]
[WhiteElo "2149"]
[BlackElo "2312"]
[TimeControl "180+1"]
[EndTime "9:08:54 PDT"]
[Termination "bennyficial won on time"]

1. Nf3 Nf6 2. c4 e6 3. b3 d5 4. e3 c5 5. cxd5 exd5 6. Bb5+ Nc6 7. Bb2 Be7 8. Ne5 Qc7 9. O-O O-O 10. Nxc6 bxc6 11.
Be2 Bf5 12. d3 Rad8 13. Nd2 Nd7 14. Rc1 Ne5 15. Nf3 Ng6 16. g3 Bh3 17. Re1 Bd6 18.
Qd2 h5 19. Bf1 Bg4 20. Bg2 h4 21. Qc3 f6 22. Qc2 Kf7 23. e4 d4 24. e5 Bxe5 25.
Qxc5 hxg3 26. fxg3 Be6 27. Qxc6 Qxc6 28. Rxc6 Bd5 29. Ra6 Rd7 30. Nxe5+ Nxe5 31. Bxd5+ Rxd5 32. Rxa7+ Kg6 33. Kg2 Nxd3 34. Re2 Nxb2 35. Rxb2 d3 36. Rd2 Re8 37. Kf1 f5 38. Ra4 Re3 39. Rf4 Re4 40. Kf2 Rxf4+ 41. gxf4 Kh5 42. Ke3 Kg4 43. Rxd3 Rxd3+ 44. Kxd3 Kxf4 45. b4 Ke5 46. Ke3 1-0

[Event "Early-Titled-Tuesday-Blitz-May-14-2024"]
[Site "Chess.com"]
[Date "2024.05.14"]
[Round "6"]
[White "kyawmyataung2005"]
[Black "DonJuanEGenaro"]
[Result "1-0"]
[WhiteElo "2252"]
[BlackElo "1999"]
[TimeControl "180+1"]
[EndTime "9:08:54 PDT"]
[Termination "kyawmyataung2005 won by resignation"]

1. e4 c5 2. Nf3 Nc6 3. d4 cxd4 4. Nxd4 Nf6 5. Nc3 d6 6. Bc4 Qb6 7. Nde2 e6 8. O-O Be7 9. Bb3 a6 10. Be3 Qc7 11. f4 b5 12. f5 b4 13. fxe6 fxe6 14. Na4 Nxe4 15. Nf4 d5 16. Nxd5 exd5 17. Qh5+ g6 18.
Qxd5 Nd6 19. Rae1 Rb8 20. Bc5 Nf5 21. Qf7+ Kd8 22. Rd1+ Bd7 23. Be6 Ne5 24. Bxe7+ Nxe7 25. Qf6 Re8 26. Rfe1 Rb6 27. Qxe5 Qxe5 28. Rxe5 Nd5 29. Rexd5 Rexe6 30. Rxd7+ Ke8 31. Nxb6 Rxb6 32. Rxh7 Rc6 33. Re1+ Kf8 34. Re2 Kg8 35. Rb7 Rc8 36. Rd2 Kf8 37. Rxb4 Kg7 38. Rb7+ Kh6 39. Rb6 Kg5 40. Rxa6 Rc5 41.
c3 1-0

[Event "Early-Titled-Tuesday-Blitz-May-14-2024"]
[Site "Chess.com"]
[Date "2024.05.14"]
[Round "6"]
[White "urano56"]
[Black "SlavenPastar"]
[Result "1-0"]
[WhiteElo "2430"]
[BlackElo "2623"]
[TimeControl "180+1"]
[EndTime "9:08:55 PDT"]
[Termination "urano56 won by checkmate"]

1. e4 b6 2. d4 Bb7 3. Nc3 e6 4. Bd3 Nf6 5. Nge2 d5 6. e5 Ng8 7.
O-O c5 8. dxc5 bxc5 9. Ng3 c4 10. Be2 Nc6 11. f4 Bc5+ 12. Kh1 Nge7 13. Bf3 O-O 14. Nce2 Qb6 15. c3 a5 16. Qe1 a4 17. Nh5 Nf5 18. Neg3 Nce7 19. Nxf5 Nxf5 20. Bg4 d4 21. Bxf5 exf5 22. Qg3 Qg6 23. cxd4 Bxd4 24. Qxg6 hxg6 25. Ng3 a3 26. Rb1 Ba6 27. Rd1 axb2 28. Rxd4 bxc1=Q+ 29. Rxc1 Rfd8 30. Ne2 Rxd4 31. Nxd4 Rd8 32. Nf3 Rd3 33. Kg1 Ra3 34. Rc2 c3 35. Kf2 Bd3 36. Rc1 Rxa2+ 37. Ke3 Be4 38. Rxc3 Rxg2 39. Rc8+ Kh7 40. Ng5+ Rxg5 41.
fxg5 Bd5 42. Rc7 Be6 43. h4 Kg8 44. Kd4 Kf8 45. Kc5 f4 46. Kd6 Kg8 47. Rc3 Bg4 48. Rc4 Be6 49. Rxf4 Kh7 50. Rb4 Kg8 51. Ke7 Kh7 52.
Rf4 Kg8 53. Rb4 Bd5 54. Rb8+ Kh7 55. Rf8 Be6 56. Rxf7 Bxf7 57. Kxf7 Kh8 58. e6 Kh7 59. e7 Kh8 60. e8=Q+ Kh7 61. Qg8# 1-0

[Event "Early-Titled-Tuesday-Blitz-May-14-2024"]
[Site "Chess.com"]
[Date "2024.05.14"]
[Round "6"]
[White "NMChessToImpress"]
[Black "Juicy_Fork"]
[Result "0-1"]
[WhiteElo "2268"]
[BlackElo "2459"]
[TimeControl "180+1"]
[EndTime "9:08:55 PDT"]
[Termination "Juicy_Fork won on time"]

1. e4 e5 2. Nf3 Nc6 3. Bb5 a6 4. Ba4 d6 5. c3 Bd7 6. d4 g6 7. O-O Bg7 8. d5 Nce7 9. Bxd7+ Qxd7 10. c4 h6 11. Nc3 f5 12. b4 Nf6 13. a4 O-O 14. Nd2 f4 15. c5 g5 16. Nc4 g4 17.
cxd6 cxd6 18. Nb6 Qc7 19. Nxa8 Qxc3 20. Bd2 Qd4 21. Nc7 Qxe4 22. Re1 Qg6 23. b5 axb5 24.
axb5 g3 25. fxg3 fxg3 26. h3 Kh8 27. Rf1 Rc8 28. Ra8 Rxa8 29. Nxa8 Nexd5 30. Qb1 e4 31. b6 Qh5 32. Nc7 e3 33. Nxd5 Nxd5 34. Bc1 e2 35.
Re1 Bd4+ 36. Kh1 Bf2 37. Bb2+ Kg8 0-1

[Event "Early-Titled-Tuesday-Blitz-May-14-2024"]
[Site "Chess.com"]
[Date "2024.05.14"]
[Round "6"]
[White "Nitzan_Steinberg"]
[Black "Polish_fighter3000"]
[Result "0-1"]
[WhiteElo "2965"]
[BlackElo "3114"]
[TimeControl "180+1"]
[EndTime "9:08:56 PDT"]
[Termination "Polish_fighter3000 won on time"]

1. e4 e6 2. d4 d5 3. Nd2 dxe4 4. Nxe4 Bd7 5. Nf3 Bc6 6. Bd3 Nd7 7. O-O Ngf6 8. Ng3 g6 9. Re1 Bg7 10. c3 O-O 11. h3 b6 12. Bf4 Bb7 13. Qe2 Qc8 14.
Rad1 c5 15. Bd6 Rd8 16. dxc5 Nxc5 17. Bb1 Ba6 18. c4 Nb7 19. Be7 Rxd1 20. Rxd1 Bxc4 21. Qe1 Nd5 22. Ba3 Nc5 23. Ne5 Ba6 24. h4 Qc7 25.
Nf3 Rd8 26. h5 Nf4 27. Rxd8+ Qxd8 28. hxg6 hxg6 29. Bc2 Qd5 30. b3 Bb7 31. Qe3 Ncd3 32. Ne2 Nxg2 33. Qxd3 Qxd3 34. Bxd3 Bxf3 35. Bd6 Ne1 36.
Bb5 Be4 37. Bb8 Nf3+ 38. Kf1 a5 39. Bc7 Nd4 40. Bc4 b5 0-1

[Event "Early-Titled-Tuesday-Blitz-May-14-2024"]
[Site "Chess.com"]
[Date "2024.05.14"]
[Round "6"]
[White "DrVelja"]
[Black "chito89"]
[Result "0-1"]
[WhiteElo "2946"]
[BlackElo "2813"]
[TimeControl "180+1"]
[EndTime "9:08:56 PDT"]
[Termination "chito89 won by checkmate"]

1. e4 d6 2. d4 Nf6 3. Nc3 g6 4.
Be3 c6 5. h3 Bg7 6. f4 O-O 7.
Nf3 Nbd7 8. e5 Nd5 9. Nxd5 cxd5 10. Bd3 Nb6 11. O-O Nc4 12. Bc1 Qb6 13. Qe2 dxe5 14. fxe5 Nxe5 15. c3 Nxd3 16. Qxd3 e5 17. Qe2 e4 18.
Nd2 Bd7 19. Qf2 f5 20. Nb3 f4 21. Nc5 Bb5 22. Re1 g5 23. a4 Be8 24. h4 h6 25. c4 e3 26. Qf3 dxc4 27. b3 Rd8 28.
Ba3 Bxd4 29. Rad1 Bxc5 30. Rxd8 Bxa3 31. Rb8 Bc6 32. Qh5 Rxb8 33. Qg6+ Kf8 34. Qf6+ Ke8 35. Qg6+ Kd7 36. Rd1+ Bd5 37. Rxd5+ Bd6 38. Qf7+ Kc6 39.
Qe6 Rd8 40. Rb5 Qd4 41. Kh2 f3+ 42. g3 Qxh4+ 43. Kg1 Qxg3+ 44. Kf1 Qf2# 0-1

[Event "Early-Titled-Tuesday-Blitz-May-14-2024"]
[Site "Chess.com"]
[Date "2024.05.14"]
[Round "6"]
[White "Makswolf200817"]
[Black "snowlord"]
[Result "0-1"]
[WhiteElo "2777"]
[BlackElo "2936"]
[TimeControl "180+1"]
[EndTime "9:08:56 PDT"]
[Termination "snowlord won on time"]

1. d4 d5 2. c4 c6 3. Nf3 Nf6 4. g3 Bf5 5. Nc3 e6 6. Nh4 dxc4 7. Nxf5 exf5 8. e3 Bd6 9. Bxc4 Nbd7 10. Bd2 Nb6 11. Bd3 g6 12. f3 Bc7 13. Qc2 h5 14.
O-O-O Qd7 15. Kb1 O-O-O 16. Bc1 Kb8 17. Ne2 h4 18. e4 fxe4 19. fxe4 Ng4 20. Rdf1 hxg3 21.
hxg3 Rxh1 22. Rxh1 c5 23. d5 Bd6 24. Nf4 c4 25. Be2 Ne5 26. Be3 Na4 27. Bd4 Nc5 28. Rh7 Qc7 29. Bxe5 Bxe5 30. Nxg6 Bf6 31. Nf4 Qe5 32.
Rxf7 Nxe4 33. Bxc4 Rc8 34. Nd3 Qd4 35. Rxf6 Qxf6 36.
b3 b5 37. Qg2 Nc3+ 38. Kc2 bxc4 39. bxc4 Rxc4 40. Nb2 Rc8 41. Kd3 Qf5+ 42. Kd4 Nb5+ 43. Ke3 Rc3+ 0-1

[Event "Early-Titled-Tuesday-Blitz-May-14-2024"]
[Site "Chess.com"]
[Date "2024.05.14"]
[Round "6"]
[White "Meri-Arabidze"]
[Black "meoluoi91"]
[Result "1-0"]
[WhiteElo "2708"]
[BlackElo "2565"]
[TimeControl "180+1"]
[EndTime "9:08:56 PDT"]
[Termination "Meri-Arabidze won by checkmate"]

1. Nf3 Nf6 2. c4 g6 3. g3 Bg7 4. Bg2 d6 5. O-O e5 6. Nc3 O-O 7. d3 Nc6 8. Rb1 Bf5 9. b4 Qc8 10. b5 Ne7 11. e4 Bg4 12. Bg5 h6 13. Bxf6 Bxf6 14. Qc1 Bg7 15. Nd5 Re8 16. a4 Kh7 17.
Ne3 Be6 18. c5 d5 19. exd5 Nxd5 20. Nxd5 Bxd5 21. Ng5+ hxg5 22. Bxd5 f6 23. Qc4 Rb8 24. a5 f5 25. a6 bxa6 26. bxa6 Rxb1 27. Rxb1 c6 28.
Bg2 Re7 29. h3 Bf8 30. Rb4 Kg7 31. Kh2 Rf7 32. Rb3 g4 33. Qc3 Re7 34. Rb7 Kf6 35. hxg4 Rxb7 36. axb7 Qxb7 37. f4 Qc7 38. g5+ Ke6 39.
Qc4+ Ke7 40. Qg8 exf4 41. Qxg6 fxg3+ 42. Kh3 f4 43. Bxc6 Qc8+ 44. Kg2 Qe6 45. Qe8# 1-0

[Event "Early-Titled-Tuesday-Blitz-May-14-2024"]
[Site "Chess.com"]
[Date "2024.05.14"]
[Round "6"]
[White "Alonmindlin"]
[Black "dretch"]
[Result "1-0"]
[WhiteElo "2714"]
[BlackElo "2880"]
[TimeControl "180+1"]
[EndTime "9:08:57 PDT"]
[Termination "Alonmindlin won on time"]

1. e4 e6 2. d4 d5 3. Nd2 c5 4. Ngf3 cxd4 5. Nxd4 Nf6 6. exd5 Nxd5 7. N2f3 Bb4+ 8.
Bd2 O-O 9. Bxb4 Nxb4 10. c3 N4c6 11. Nxc6 Nxc6 12. Qxd8 Rxd8 13. Bb5 Bd7 14. O-O-O a6 15.
Ba4 Kf8 16. Ng5 Ke7 17. Ne4 b5 18. Bc2 b4 19. Ba4 Rac8 20. Rhe1 Ne5 21. Bxd7 Rxd7 22. Rxd7+ Nxd7 23. Kd2 f5 24. Ng5 bxc3+ 25. bxc3 Nc5 26. f3 Kf6 27. Nh3 e5 28. Nf2 Na4 29. Re3 Nb2 30.
Kc2 Nc4 31. Rd3 Rb8 32. Nd1 Ke6 33. Ne3 Na3+ 34. Kd1 Rb2 35. Rd2 Rb1+ 36. Ke2 f4 37. Nd5 Rh1 38. h4 Rxh4 39. Nc7+ Ke7 40. Nxa6 Nc4 41.
Rd5 Rh1 42. Kd3 Nb2+ 43. Kc2 Nd1 44. Rxd1 1-0